 Dungeon Crawl Stone Soup version 0.30-a0-793-g160f7cfddd (webtiles) character file.

Game seed: 14677207743512009739

4064 NotreDorf the Thaumaturge (level 10, -2/77 HPs)
             Began as a Mummy Hedge Wizard on Feb 18, 2023.
             Was a Follower of Vehumet.
             Slain by a wight
             ... wielding a +2 halberd of freezing
              (15 damage)
             ... on level 8 of the Dungeon on Feb 19, 2023.
             The game lasted 00:49:32 (9594 turns).

NotreDorf the Thaumaturge (Mummy Hedge Wizard)      Turns: 9594, Time: 00:49:33

Health: -2/77      AC: 11    Str: 14    XL:     10   Next: 5%
Magic:  22/23      EV: 11    Int: 23    God:    Vehumet [*.....]
Gold:   510        SH:  0    Dex: 12    Spells: 7/27 levels left

rFire   . . .      SeeInvis +    m - +4 quarterstaff (chaos)
rCold   + . .      Faith    +    (shield currently unavailable)
rNeg    + + +      Spirit   .    y - +3 leather armour "Cyopn" {rF+}
rPois   ∞          Reflect  .    c - +0 hat
rElec   .          Harm     .    n - +2 cloak
rCorr   .          Rampage  .    p - +0 pair of gloves
Will    +....                    s - +0 pair of boots
Stlth   +                        B - amulet of regeneration
HPRegen 1.12/turn                r - ring of see invisible
MPRegen 0.18/turn                w - +6 ring of intelligence

@: no status effects
A: cold resistance 1, negative energy resistance 3, torment resistance 2, heat
vulnerability 1, in touch with death 1, no potions, faith
a: Renounce Religion


You were on level 8 of the Dungeon.
You worshipped Vehumet.
Vehumet was aware of your devotion.
You visited 2 branches of the dungeon, and saw 9 of its levels.

You collected 510 gold pieces.

Inventory:

Hand Weapons
 f - a +0 hand axe of flaming
 m - a +4 quarterstaff of chaos (weapon)
Missiles
 d - 33 poisoned darts (quivered)
Armour
 b - a +2 robe of willpower
 c - a +0 hat (worn)
 n - a +2 cloak (worn)
 p - a +0 pair of gloves (worn)
 s - a +0 pair of boots (worn)
 y - the +3 leather armour "Cyopn" (worn) {rF+}
   (You found it on level 7 of the Dungeon)

   rF:        It protects you from fire.
Magical Staves
 A - a staff of cold
Jewellery
 k - a ring of ice
 r - a ring of see invisible (left hand)
 t - a ring of protection from cold
 v - an amulet of the acrobat
 w - a +6 ring of intelligence (right hand)
 B - an amulet of regeneration (around neck)
Wands
 a - a wand of paralysis (6)
 o - a wand of flame (18)
 u - a wand of iceblast (5)
Scrolls
 e - 3 scrolls of teleportation
 g - 3 scrolls of blinking
 h - 2 scrolls of fear
 i - 3 scrolls of identify
 j - a scroll of poison
 l - 5 scrolls of magic mapping
 q - a scroll of fog
 x - a scroll of amnesia
 z - a scroll of torment {unknown}


   Skills:
 + Level 6.8 Fighting
 - Level 1.5 Dodging
 - Level 1.5 Stealth
 + Level 9.2 Spellcasting
 - Level 3.7 Conjurations
 - Level 0.7 Summonings
 - Level 3.8 Translocations
 + Level 5.4 Poison Magic
 + Level 4.3 Evocations


You had 7 spell levels left.
You knew the following spells:

 Your Spells              Type           Power      Damage    Failure   Level
a - Magic Dart            Conj           100%       1d8       1%          1
b - Blink                 Tloc           56%        N/A       2%          2
c - Mephitic Cloud        Conj/Pois/Air  24%        N/A       7%          3
d - Teleport Other        Tloc           28%        N/A       4%          3
e - Gell's Gravitas       Tloc           28%        N/A       4%          3
f - Lesser Beckoning      Tloc           56%        N/A       2%          2
g - Olgreb's Toxic Radia  Pois           35%        N/A       9%          4
h - Poisonous Vapours     Pois/Air       46%        N/A       3%          2

Your spell library contained the following spells:

 Spells                   Type           Power      Damage    Failure   Level
 Kiss of Death            Conj/Necr      100%       2d13      3%          1
 Sting                    Tmut/Pois      92%        1d7       2%          1
 Cigotuvi's Dreadful Rot  Necr/Pois/Air  56%        N/A       5%          2
 Slow                     Hex            40%        N/A       8%          1
 Call Imp                 Summ           13%        N/A       9%          2
 Ensorcelled Hibernation  Hex/Ice        20%        N/A       12%         2
 Anguish                  Hex/Necr       7%         N/A       61%         4
 Spider Form              Tmut/Pois      Unusable   N/A       N/A         3

Dungeon Overview and Level Annotations

Branches:
Dungeon (8/15)             Temple (1/1) D:6
   Lair: D:8-11

Altars:
Ashenzari
Cheibriados
Dithmenos
Fedhas
Hepliaklqana
Kikubaaqudgha
Makhleb
Nemelex Xobeh
Okawaru
Qazlal
Ru
Sif Muna
Trog
Uskayaw
Vehumet
Wu Jian
Xom
Yredelemnul

Portals:
Abyss: D:7

Annotations:
D:7 2 transporters, themarg's ghost, novice OpVM


Innate Abilities, Weirdness & Mutations

You are immune to poison.
Your flesh is cold resistant. (rC+)
You are immune to negative energy. (rN+++)
You are immune to unholy pain and torment.
You are vulnerable to heat. (rF-)
You are in touch with the powers of death.
You do not drink.
You have a special connection with the divine. (Faith)


Message History

The wight is almost destroyed.
The wight hits you with a +2 heavy war axe.
A wight comes into view.
It is wielding a +2 halberd of freezing.
A wight comes into view. It is wielding a +0 hand axe.
The wight hits you with a +2 heavy war axe!
You hit the wight but do no damage.
The wight is almost destroyed.
The wight barely misses you.
You hit the wight but do no damage.
The wight is almost destroyed.
The wight hits you with a +2 heavy war axe.
You sock the wight!
You destroy the wight!
Vehumet accepts your kill.
You sock the wight! You burn the wight.
The wight is severely damaged.
The wight closely misses you.
The wight hits you from afar with a +2 halberd of freezing!
The wight freezes you.
You closely miss the wight.
The wight is severely damaged.
The wight misses you. The wight barely misses you.
The wight hits you with a +0 mace.
The wight hits you from afar with a +2 halberd of freezing!
You hit the wight but do no damage.
The wight is severely damaged.
The wight hits you but does no damage.
The wight hits you from afar with a +2 halberd of freezing.
You barely miss the wight.
The wight is severely damaged.
The wight closely misses you. The wight barely misses you.
You hit the wight.
The wight is almost destroyed.
The wight hits you with a +0 mace!
The wight hits you from afar with a +2 halberd of freezing!
* * * LOW HITPOINT WARNING * * *
The wight freezes you.
* * * LOW HITPOINT WARNING * * *
The wight hits you from afar with a +2 halberd of freezing!
You die...

### ### ..
..# .. #.#
.##.# ...#
#..#
#..###<.#
#..!..@#
...#.#..z#
....###z
#..##. z.
#. #. ..#
# # ..#
.## .#


You could see 3 wights.

Vanquished Creatures
  Pikel (D:7)
  Joseph (D:7)
  Prince Ribbit (D:7)
  A wraith (D:7)
  Menkaure (D:7)
  A water moccasin (D:5)
  A sky beast (D:7)
  Pargi (D:3)
  An ice beast (D:6)
  A black bear (D:5)
  2 ogres
  2 lemures (D:7)
  A phantom (D:6)
  A kobold brigand (D:5)
  3 bullfrogs
  3 scorpions
  A wight (D:8)
  4 killer bees (D:8)
  2 electric eels (D:4)
  2 howler monkeys (D:6)
  3 hounds
  10 orc priests
  Crazy Yiuf (D:2)
  A gnoll bouda (D:7)
  7 iguanas
  Terence (D:3)
  8 orc wizards
  Robin (D:4)
  16 gnolls
  11 adders
  A shadow imp (D:8)
  3 white imps
  An ufetubus (D:6)
  2 dart slugs
  23 orcs
  8 endoplasms
  3 giant cockroaches
  15 goblins
  9 hobgoblins
  3 jackals (D:4)
  2 quokkas (D:4)
  8 ball pythons
  7 bats
  2 frilled lizards
  10 kobolds
  7 rats
194 creatures vanquished.

Vanquished Creatures (others)
  3 demonic plants (D:8)
  5 fungi (D:2)
  A plant (D:4)
9 creatures vanquished.

Grand Total: 203 creatures vanquished

Notes
Turn   | Place    | Note
-------+----------+-------------------------------------------
     0 | D:1      | NotreDorf the Mummy Hedge Wizard began the quest for the
                  | Orb.
     0 | D:1      | Reached XP level 1. HP: 13/13 MP: 5/5
   295 | D:1      | Reached skill level 1 in Conjurations
   295 | D:1      | Reached skill level 1 in Translocations
   439 | D:1      | Reached XP level 2. HP: 20/20 MP: 4/7
   654 | D:1      | Reached skill level 1 in Fighting
  1008 | D:2      | Learned a level 2 spell: Blink
  1020 | D:2      | Gained mutation: You are in touch with the powers of death.
                  | [Mummy growth]
  1020 | D:2      | Reached XP level 3. HP: 25/26 MP: 0/8
  1291 | D:1      | Learned a level 3 spell: Mephitic Cloud
  2011 | D:2      | Found a faded altar of an unknown god.
  2331 | D:2      | Reached XP level 4. HP: 32/32 MP: 5/10
  2654 | D:2      | Found a runed translucent door.
  2655 | D:2      | Noticed Crazy Yiuf
  2665 | D:2      | Killed Crazy Yiuf
  2752 | D:3      | Reached skill level 1 in Poison Magic
  2979 | D:3      | Reached XP level 5. HP: 38/38 MP: 7/12
  3060 | D:3      | Noticed Terence
  3085 | D:3      | Killed Terence
  3086 | D:3      | Reached skill level 5 in Spellcasting
  3213 | D:3      | Noticed Pargi
  3222 | D:3      | Killed Pargi
  3223 | D:3      | Reached XP level 6. HP: 45/46 MP: 7/13
  3858 | D:4      | Noticed Robin
  3929 | D:4      | Found a transporter.
  4058 | D:4      | Killed Robin
  4204 | D:4      | Reached XP level 7. HP: 46/52 MP: 9/15
  4358 | D:4      | Found a transporter.
  4406 | D:4      | Paralysed by a goblin for 5 turns
  4692 | D:4      | Reached skill level 6 in Spellcasting
  5268 | D:4      | Learned a level 3 spell: Teleport Other
  5272 | D:4      | Learned a level 3 spell: Gell's Gravitas
  5275 | D:4      | Learned a level 2 spell: Lesser Beckoning
  5308 | D:5      | Entered Level 5 of the Dungeon
  5326 | D:5      | Reached XP level 8. HP: 37/60 MP: 8/17
  5624 | D:5      | Reached skill level 1 in Evocations
  5800 | D:5      | Learned a level 4 spell: Olgreb's Toxic Radiance
  5803 | D:5      | Learned a level 2 spell: Poisonous Vapours
  5929 | D:5      | Identified the +9 dagger "Piriynuc" {flame, rC- rN+ Str+3
                  | Int+7}
  6206 | D:6      | Reached skill level 7 in Spellcasting
  6689 | D:6      | Reached skill level 5 in Fighting
  6959 | D:6      | Reached XP level 9. HP: 68/68 MP: 18/20
  7022 | D:6      | Found a staircase to the Ecumenical Temple.
  7030 | Temple   | Entered the Ecumenical Temple
  7035 | Temple   | Became a worshipper of Vehumet
  7502 | D:7      | Found an iron altar of Okawaru.
  7502 | D:7      | Noticed Joseph
  7560 | D:7      | Killed Joseph
  7561 | D:7      | Reached skill level 8 in Spellcasting
  7569 | D:6      | Upgraded the game from 0.30-a0-782-ge64f9170bb to
                  | 0.30-a0-793-g160f7cfddd
  7689 | D:7      | Found a transporter.
  7735 | D:7      | Found a transporter.
  7743 | D:7      | Noticed a cyan ugly thing
  7745 | D:7      | Noticed themarg's ghost (novice OpVM)
  8078 | D:7      | Identified the +3 leather armour "Cyopn" {rF+}
  8233 | D:7      | Found a burning altar of Makhleb.
  8233 | D:7      | Found a broken altar of Ashenzari.
  8234 | D:7      | Found a stormy altar of Qazlal.
  8237 | D:7      | Found a blossoming altar of Fedhas.
  8485 | D:7      | Noticed Prince Ribbit
  8493 | D:7      | Killed Prince Ribbit
  8556 | D:7      | Noticed Pikel
  8566 | D:7      | Killed Pikel
  8567 | D:7      | Reached skill level 9 in Spellcasting
  8567 | D:7      | Reached skill level 5 in Poison Magic
  8596 | D:7      | Reached * piety under Vehumet
  8596 | D:7      | Offered knowledge of Kiss of Death by Vehumet.
  8729 | D:7      | Noticed Menkaure
  8734 | D:7      | Killed Menkaure
  8930 | D:7      | Found a one-way gate to the infinite horrors of the Abyss.
  9561 | D:8      | Reached XP level 10. HP: 77/77 MP: 15/23
  9594 | D:8      | Slain by a wight

Illustrated notes

Levels and vault maps discovered:
D:1:      kennysheep_arrival_seaside, layout_rooms,
          chequers_serial_rivers_large_a, nicolae_kite_square_tiling_tiny,
          chequers_serial_rivers_micro_e, kennysheep_minor_cross
D:2:      layout_basic, chequers_ecumenical_altar_twisty,
          uniq_crazy_yiuf_cottage
D:3:      layout_rooms, mrwooster_statue_mirror, minmay_snake_closets,
          uniq_pargi, uniq_terence
D:4:      gammafunk_steamed_eel, layout_loops_ring, kennysheep_generic_room_4,
          uniq_robin
D:5:      layout_cave_pools, minmay_a_box_with_orc_wizards_in_it
D:6:      layout_loops_corners, minmay_temple_entry_steel_oval
D:7:      layout_layer_cave, okawaru_ov_weapons_minmay, minitemple,
          enter_bailey_7, gammafunk_ghost_abyssal_escape, uniq_prince_ribbit1,
          uniq_menkaure, uniq_joseph, uniq_pikel
D:8:      minmay_the_grid_triangle_9x9_recursive_2
          [minmay_the_grid_triangle_9x9_prize_insulated,
          minmay_the_grid_triangle_9x9_swiss_cheese,
          minmay_the_grid_triangle_9x9_cache,
          minmay_the_grid_triangle_9x9_stretched_checkered], layout_loops_cross,
          grunt_lair_entry_orc_guard_hut, gammafunk_ghost_split, serial_demonic,
          serial_demonic_a, serial_demonic_e, serial_demonic_f,
          serial_demonic_g, bh_walls_and_bars, uniq_erica
Temple:   minmay_freezing_vapour_temple

Skill      XL: |  1  2  3  4  5  6  7  8  9 |
---------------+----------------------------+-----
Conjurations   | 1 2 3 |  3.7
Translocations | 1 2 3 |  3.8
Fighting       | 1 2 3 4 5 6 |  6.8
Poison Magic   | 1 2 3 4 5 |  5.4
Spellcasting   | 5 6 7 9 |  9.2
Evocations     | 2 4 |  4.3
Dodging        | |  1.5
Stealth        | |  1.5
Summonings     | |  0.7

Action                     |  1- 3 |  4- 6 |  7- 9 | 10-12 || total
---------------------------+-------+-------+-------+-------++-------
  Melee: Dagger            |    22 |       |       |       ||    22
         Hand axe          |    16 |    15 |       |       ||    31
         Quarterstaff      |       |    60 |   260 |    25 ||   345
  Throw: Dart              |     1 |       |       |       ||     1
   Cast: Magic Dart        |   111 |    79 |   119 |       ||   309
         Mephitic Cloud    |       |     7 |    24 |       ||    31
         Poisonous Vapours |       |       |    39 |       ||    39
         Blink             |       |       |     1 |       ||     1
  Evoke: Wand              |       |       |     7 |       ||     7
    Use: Scroll            |       |    10 |     3 |       ||    13
   Stab: Confused          |       |     4 |     6 |       ||    10
         Sleeping          |       |     1 |       |       ||     1
         Paralysed         |       |       |     3 |       ||     3
 Armour: Robe              |    13 |    37 |    82 |       ||   132
         Leather armour    |       |       |    12 |     7 ||    19
  Dodge: Dodged            |    42 |    80 |   224 |    16 ||   362

Table legend: (Time is in decaauts)
 A = Elapsed time spent in this place.
 B = Non-inter-level travel time spent in this place.
 C = Inter-level travel time spent in this place.
 D = Time resting spent in this place.
 E = Time spent auto-exploring this place.
 F = Levels seen in this place.
 G = Mean time per level.
                   A        B        C        D        E       F      G
               +--------+--------+--------+--------+--------+-----+--------+
         Total |   9730 |   9331 |    399 |    514 |   6932 |   9 | 1081.1 |
       Dungeon |   9719 |   9320 |    399 |    514 |   6932 |   8 | 1214.9 |
        Temple |     10 |     10 |      0 |      0 |      0 |   1 |   10.0 |
               +--------+--------+--------+--------+--------+-----+--------+

Top non-repeatable levels by time:
     D:7: 2121 daAuts
     D:2: 1599 daAuts
     D:4: 1452 daAuts
     D:6: 1308 daAuts
     D:3: 1304 daAuts
     D:1: 1147 daAuts
     D:5: 739 daAuts
     D:8: 46 daAuts
  Temple: 10 daAuts
